 Dungeon Sprint DCSS version 0.24-a0-250-g6074511 (webtiles) character file.

Game seed: 14225257020254781886

58 MikeHunt the Martial Artist (level 3, 0/31 HPs)
             Began as a Draconian Monk on Apr 14, 2019.
             Was an Initiate of Gozag.
             Splashed by an oklob sapling priest's acid (15 damage)
             ... in the Dungeon (Sprint IV: "Fedhas' Mad Dash").
             The game lasted 00:01:13 (519 turns).

MikeHunt the Martial Artist (Draconian Monk)         Turns: 519, Time: 00:01:14

Health: 0/31       AC:  2    Str: 13    XL:     3   Next: 76%
Magic:  2/3        EV: 13    Int: 10    God:    Gozag
Gold:   39         SH:  0    Dex: 14    Spells: 2/2 levels left

rFire    . . .     SeeInvis .     - Unarmed
rCold    . . .     Gourm    .   (no shield)
rNeg     . . .     Faith    .   (armour unavailable)
rPois    .         Spirit   .   (helmet restricted)
rElec    .         Reflect  .   (no cloak)
rCorr    .         Harm     .   (no gloves)
MR       .....     NoTele   +   h - +0 pair of boots
Stlth    ++........             i - amulet of invisibility {+Inv}
HPRegen  0.10/turn              (no ring)
MPRegen  0.08/turn              (no ring)

@: corroded, very slightly contaminated, invisible (expiring)
A: unfitting armour, cold-blooded, AC +5
a: Potion Petition, Call Merchant, Bribe Branch, Renounce Religion


You were in the Dungeon.
You worshipped Gozag.
Gozag was noncommittal.
You were not hungry.

You visited 1 branch You collected 39 gold pieces.

Inventory:

Armour
 h - a +0 pair of boots (worn)
 j - a +2 buckler
Jewellery
 i - the amulet of invisibility (around neck) {+Inv}
   (You found it in the Dungeon)

   [amulet of nothing]

   It lets you turn invisible.
Scrolls
 g - a scroll of blinking
Potions
 b - a potion of curing
 c - a potion of heal wounds
 d - a potion of haste
 e - 2 potions of magic
 f - a potion of berserk rage
Comestibles
 a - a ration


   Skills:
 - Level 3.2 Fighting
 - Level 2.6 Dodging
 - Level 1.7 Stealth
 + Level 0.0 Shields
 - Level 8.1 Unarmed Combat
 + Level 0.0 Evocations


You had 2 spell levels left.
You didn't know any spells.
Your spell library was empty.

Dungeon Overview and Level Annotations

Branches:
Dungeon (1/1)

Altars:
Cheibriados
Dithmenos
Elyvilon
Gozag
Hepliaklqana
Kikubaaqudgha
Makhleb
Nemelex Xobeh
Okawaru
Qazlal
Ru
Sif Muna
Trog
Uskayaw
Vehumet
Wu Jian
Xom
Yredelemnul
Zin
The Shining One
Beogh
Jiyva
Lugonu

Annotations:
D exclusion: oklob sapling


Innate Abilities, Weirdness & Mutations

Your plain brown scales are hard. (AC +5)
You cannot fit into any form of body armour.
You are cold-blooded and may be slowed by cold attacks.


Message History

The oklob sapling priest is lightly damaged.
You hit the oklob sapling priest.
The oklob sapling priest is moderately damaged.
You hit the oklob sapling priest but do no damage.
The oklob sapling priest is moderately damaged.
You flicker for a moment.
You hit the oklob sapling priest but do no damage.
The oklob sapling priest is moderately damaged.
The oklob sapling priest spits acid at you.
The splash of acid misses you.
You hit the oklob sapling priest.
The oklob sapling priest is heavily damaged.
You hit the oklob sapling priest.
The oklob sapling priest is severely damaged.
The oklob sapling priest spits acid at you.
The splash of acid hits you!
Ouch! That really hurt!
The acid corrodes you!
You are splashed with acid!
You die...
Your body crumbles into a pile of gold.

########################
....#.....#.⌠._._._._.⌠.
$
....'.#...'.._._._._._..
$ $
....#.#...#..._.@P_._...
########+##.._._._._._..
$ #._._._._._.⌠. $
$############## $ $ $ $$
$


You could see an oklob sapling priest.

Vanquished Creatures
  An oklob sapling (D)
  A worker ant (D)
  A river rat (D)
  A rat (D)
4 creatures vanquished.

Notes
Turn   | Place    | Note
-------+----------+-------------------------------------------
     0 | D        | MikeHunt the Draconian Monk began the quest for the Orb.
     0 | D        | Reached XP level 1. HP: 19/19 MP: 1/1
    12 | D        | Reached skill level 5 in Unarmed Combat
    12 | D        | Reached XP level 2. HP: 13/26 MP: 2/2
   173 | D        | Noticed an oklob sapling
   365 | D        | Killed an oklob sapling
   365 | D        | Reached skill level 7 in Unarmed Combat
   365 | D        | Reached XP level 3. HP: 31/31 MP: 3/3
   368 | D        | Found the amulet of invisibility {+Inv}
   371 | D        | Reached skill level 8 in Unarmed Combat
   504 | D        | Found an opulent altar of Gozag.
   504 | D        | Found a hazy altar of Hepliaklqana.
   504 | D        | Found a roughly hewn altar of Beogh.
   504 | D        | Found a snail-covered altar of Cheibriados.
   505 | D        | Found a viscous altar of Jiyva.
   505 | D        | Found a burning altar of Makhleb.
   505 | D        | Found a sparkling altar of Nemelex Xobeh.
   505 | D        | Found a sacrificial altar of Ru.
   505 | D        | Found a deep blue altar of Sif Muna.
   505 | D        | Found a bloodstained altar of Trog.
   505 | D        | Found an ornate altar of the Wu Jian Council.
   505 | D        | Found a shimmering altar of Xom.
   505 | D        | Found a basalt altar of Yredelemnul.
   505 | D        | Noticed an oklob sapling priest
   506 | D        | Found an iron altar of Okawaru.
   506 | D        | Found a glowing silver altar of Zin.
   506 | D        | Found a shadowy altar of Dithmenos.
   507 | D        | Found an ancient bone altar of Kikubaaqudgha.
   507 | D        | Found a hide-covered altar of Uskayaw.
   508 | D        | Found a stormy altar of Qazlal.
   508 | D        | Found a white marble altar of Elyvilon.
   508 | D        | Found a glowing golden altar of the Shining One.
   509 | D        | Became a worshipper of Gozag Ym Sagoz the Greedy
   510 | D        | Found a radiant altar of Vehumet.
   510 | D        | Found a corrupted altar of Lugonu.
   519 | D        | Splashed by an oklob sapling priest's acid

Levels and vault maps discovered:
D:        dungeon_sprint_fedhas [sprint_temple]

Skill      XL: |  1  2  3 |
---------------+----------+-----
Unarmed Combat | 5 7 8 |  8.1
Fighting       | |  3.2
Dodging        | |  2.6
Stealth        | |  1.7

Action                   || total
-------------------------++-------
Melee: Unarmed           ||    26
       Tailslap          ||     3
       Punch             ||     2
 Abil: Evoke Invisibilit ||     1
 Stab: Sleeping          ||     2
       Distracted        ||     1
       Invisible         ||     1
Dodge: Dodged            ||     8

Table legend:
 A = Non-vault XP
 B = Vault XP
 C = Vault XP percentage of total XP
 D = Non-vault monster count
 E = Vault monster count
 F = Vault count percentage of total count
                 A         B        C        D         E       F
            +---------+---------+-------+---------+---------+-------
      Total |       0 |      84 | 100.0 |       0 |       4 | 100.0
            +---------+---------+-------+---------+---------+-------
          D |       0 |      84 | 100.0 |       0 |       4 | 100.0
            +---------+---------+-------+---------+---------+-------
